 Dungeon Sprint DCSS version 0.28.0-53-g5a82cb258f (webtiles) character file.

Game seed: 10741041570244987739

345 Zeld the Cleaver (level 6, -3/93 HPs)
             Began as a Minotaur Berserker on June 5, 2022.
             Was an Elder of Trog.
             Slain by a hellwing (4 damage)
             ... in the Dungeon (Sprint VII: "The Pits").
             The game lasted 00:01:22 (1656 turns).

Zeld the Cleaver (Minotaur Berserker)               Turns: 1656, Time: 00:01:23

Health: -3/93      AC:  2    Str: 23    XL:     6   Next: 32%
Magic:  5/5        EV: 14    Int:  4    God:    Trog [****..]
Gold:   0          SH:  0    Dex: 10    Spells: 5/5 levels left

rFire   . . .      SeeInvis .   a - +2 hand axe
rCold   . . .      Faith    .   (no shield)
rNeg    . . .      Spirit   .   b - +0 animal skin
rPois   .          Reflect  .   (helmet restricted)
rElec   .          Harm     .   (no cloak)
rCorr   .          Rampage  .   (no gloves)
Will    .....      NoTele   +   (no boots)
Stlth   ..........              (no amulet)
HPRegen 0.25/turn               (no ring)
MPRegen 0.09/turn               (no ring)

@: berserking, very quick
A: horns 2, retaliatory headbutt
a: Renounce Religion, Berserk, Trog's Hand, Brothers in Arms


You were in the Dungeon.
You worshipped Trog.
Trog was greatly pleased with you.
You visited 1 branch

Inventory:

Hand Weapons
 a - a +2 hand axe (weapon)
Armour
 b - a +0 animal skin (worn)
Scrolls
 h - a scroll of blinking
 j - a scroll of summoning
Potions
 c - 6 potions of curing
 d - 4 potions of heal wounds
 e - a potion of haste
 f - 4 potions of magic
 g - 3 potions of berserk rage
 i - 2 potions of invisibility


   Skills:
 + Level 8.9 Fighting
 * Level 11.9 Axes
 - Level 2.4 Armour
 + Level 7.7 Dodging


You had 5 spell levels left.
You didn't know any spells.
Your spell library was empty.

Dungeon Overview and Level Annotations

Branches:
Dungeon (1/1)

Altars:
Ashenzari
Cheibriados
Dithmenos
Elyvilon
Fedhas
Gozag
Hepliaklqana
Kikubaaqudgha
Makhleb
Nemelex Xobeh
Okawaru
Qazlal
Ru
Sif Muna
Trog
Uskayaw
Vehumet
Wu Jian
Xom
Yredelemnul
Zin
The Shining One
Beogh
Jiyva
Lugonu


Innate Abilities, Weirdness & Mutations

You have a pair of horns on your head.
You reflexively headbutt those who attack you in melee.


Message History

The hellwing is lightly wounded.
The hellwing closely misses you. The hellwing hits you!
You barely miss the hellwing.
The hellwing is lightly wounded.
The hellwing hits you. The hellwing misses you.
You hit the hellwing. Your headbutt misses the hellwing.
The hellwing is lightly wounded.
The hellwing hits you! The hellwing hits you.
You hit the hellwing but do no damage.
You headbutt the hellwing, but do no damage.
The hellwing is lightly wounded.
A red film seems to cover your vision as you go berserk!
You feel yourself moving faster!
You feel mighty! The hellwing hits you! The hellwing hits you.
You closely miss the hellwing.
The hellwing is lightly wounded.
The hellwing closely misses you. The hellwing barely misses you.
You hit the hellwing.
The hellwing is lightly wounded.
You barely miss the hellwing.
The hellwing is lightly wounded.
The hellwing closely misses you. The hellwing hits you!
* * * LOW HITPOINT WARNING * * *
Unknown command.
You closely miss the hellwing.
The hellwing is lightly wounded.
You hit the hellwing but do no damage.
The hellwing is lightly wounded.
The hellwing hits you!
* * * LOW HITPOINT WARNING * * *
The hellwing hits you.
* * * LOW HITPOINT WARNING * * *
You slash the hellwing!
The hellwing is lightly wounded.
You closely miss the hellwing.
The hellwing is lightly wounded.
The hellwing hits you.
* * * LOW HITPOINT WARNING * * *
The hellwing hits you.
You die...

#.#........##.......#
#'###########.......#
#.......# #########
#..#.#..# #)##.##.#
#.......#+#
#.##.##.#.+
#..#.#..#4#
#.......'@#
###########


You could see a hellwing.

Vanquished Creatures
  Duvessa (D)
  A centaur (D)
  A wolf (D)
  A mummy (D)
  An ufetubus (D)
  An adder zombie (D)
  A worm (D)
  An orc (D)
  A bat skeleton (D)
  An endoplasm (D)
  A giant cockroach (D)
  A hobgoblin (D)
  3 jackals (D)
  A bat (D)
  A rat (D)
17 creatures vanquished.

Vanquished Creatures (collateral kills)
  Dowan (D)
1 creature vanquished.

Grand Total: 18 creatures vanquished

Notes
Turn   | Place    | Note
-------+----------+-------------------------------------------
     0 | D        | Zeld the Minotaur Berserker began the quest for the Orb.
     0 | D        | Reached XP level 1. HP: 19/19 MP: 0/0
   163 | D        | Reached skill level 4 in Axes
   168 | D        | Found a bloodstained altar of Trog.
   168 | D        | Found a shimmering blue altar of Sif Muna.
   168 | D        | Found a viscous altar of Jiyva.
   168 | D        | Found a hazy altar of Hepliaklqana.
   168 | D        | Found an opulent altar of Gozag.
   169 | D        | Found a glowing golden altar of the Shining One.
   169 | D        | Found a glowing silver altar of Zin.
   169 | D        | Found a basalt altar of Yredelemnul.
   169 | D        | Found a shimmering altar of Xom.
   169 | D        | Found an ornate altar of the Wu Jian Council.
   169 | D        | Found a sacrificial altar of Ru.
   169 | D        | Found a stormy altar of Qazlal.
   169 | D        | Found an iron altar of Okawaru.
   169 | D        | Found a sparkling altar of Nemelex Xobeh.
   169 | D        | Found a burning altar of Makhleb.
   169 | D        | Found a blossoming altar of Fedhas.
   169 | D        | Found a white marble altar of Elyvilon.
   169 | D        | Found a shadowy altar of Dithmenos.
   169 | D        | Found a snail-covered altar of Cheibriados.
   171 | D        | Found a corrupted altar of Lugonu.
   171 | D        | Found a radiant altar of Vehumet.
   172 | D        | Found a broken altar of Ashenzari.
   172 | D        | Found an ancient bone altar of Kikubaaqudgha.
   172 | D        | Found a hide-covered altar of Uskayaw.
   494 | D        | Reached ** piety under Trog
   685 | D        | Reached skill level 5 in Axes
   685 | D        | Reached XP level 2. HP: 27/28 MP: 1/1
   732 | D        | Noticed a wolf
   733 | D        | Reached *** piety under Trog
   743 | D        | Killed a wolf
   744 | D        | Reached skill level 8 in Axes
   744 | D        | Reached skill level 5 in Dodging
   744 | D        | Reached XP level 3. HP: 5/37 MP: 2/2
   744 | D        | Reached XP level 4. HP: 6/44 MP: 3/3
   744 | D        | HP: 3/66 [adder zombie (3)]
  1163 | D        | Noticed Dowan
  1164 | D        | Noticed Duvessa
  1182 | D        | Killed Duvessa
  1182 | D        | Reached **** piety under Trog
  1183 | D        | Reached skill level 10 in Axes
  1183 | D        | Reached XP level 5. HP: 39/53 MP: 4/4
  1208 | D        | Killed Dowan
  1360 | D        | Noticed a centaur
  1369 | D        | Killed a centaur
  1370 | D        | Reached skill level 11 in Axes
  1370 | D        | Reached XP level 6. HP: 29/62 MP: 5/5
  1641 | D        | Noticed a hellwing
  1656 | D        | HP: 1/93 [hellwing (6)]
  1656 | D        | Slain by a hellwing

Illustrated notes

Levels and vault maps discovered:
D:        pitsprint [storerooms_1, entrance_room_1, metal_vault_4, armoury_3,
          mini_pit_1, grid_room_1, main_hall_1, silver_pit, the_coven_2,
          the_vestibule_1, steel_vault_3, golden_pit, hallway_of_sentries,
          crystal_vault_1, iron_vault_3, final_vault]

Skill      XL: |  1  2  3  4  5 |
---------------+----------------+-----
Axes           | 5 8 10 11 | 11.9
Fighting       | 4 6 7 8 |  8.9
Dodging        | 3 5 6 7 |  7.7
Armour         | |  2.4

Action                   |  1- 3 |  4- 6 || total
-------------------------+-------+-------++-------
Melee: Hand axe          |    28 |    41 ||    69
       Headbutt          |     4 |     5 ||     9
Invok: Berserk           |     1 |     2 ||     3
       Brothers in Arms  |       |     1 ||     1
  Use: Potion            |       |     2 ||     2
Armor: Animal skin       |     6 |     3 ||     9
Dodge: Dodged            |    18 |    28 ||    46
